 Dungeon Crawl Stone Soup version 0.24-a0-443-g80245de385 (webtiles) character file.

Game seed: 1306152408453232108

99926 Gargoyl the Agent of Entropy (level 15, 0/125 HPs)
             Began as a Centaur Abyssal Knight on June 21, 2019.
             Was a Priest of Lugonu.
             Slain by a shambling mangrove (15 damage)
             ... on level 1 of the Swamp.
             The game lasted 01:00:19 (43978 turns).

Gargoyl the Agent of Entropy (CeAK)                Turns: 43978, Time: 01:00:19

Health: 0/125      AC: 30    Str: 26    XL:     15   Next: 79%
Magic:  33/33      EV:  6    Int: 11    God:    Lugonu [***...]
Gold:   1745       SH:  6    Dex: 13    Spells: 14/14 levels left

rFire    . . .     SeeInvis .   e - +7 falchion of Veont {slice, rPois MP+9 Str+9 Stlth-}
rCold    + . .     Gourm    .   k - +1 buckler {rC+}
rNeg     . . .     Faith    .   J - +10 plate armour {ponderous}
rPois    +         Spirit   .   p - +0 helmet
rElec    .         Reflect  .   n - +0 cloak
rCorr    .         Harm     .   (no gloves)
MR       ++...                  (no barding)
Stlth    ..........             (no amulet)
HPRegen  0.30/turn              f - ring of protection from magic
MPRegen  0.23/turn              j - +4 ring of protection

@: grasped by roots, constricted, quick
A: large, hooves 3, deformed body, speed 2, tough skin 3
a: Depart the Abyss, Bend Space, Banish, Renounce Religion


You were on level 1 of the Swamp.
You worshipped Lugonu.
Lugonu was most pleased with you.
You were not hungry.

You visited 3 branches of the dungeon, and saw 23 of its levels.
You visited the Abyss 2 times.
You also visited: Bailey and Ice Cave.

You collected 1937 gold pieces.
You spent 192 gold pieces at shops.

Inventory:

Hand Weapons
 a - a +2 hand axe
 e - the +7 falchion of Veont (weapon) {slice, rPois MP+9 Str+9 Stlth-}
   (You found it on level 1 of the Lair of Beasts)

   It inflicts extra damage upon your enemies.
   It affects your strength (+9).
   It protects you from poison.
   It affects your magic capacity (+9).
   It makes you less stealthy.
 i - a +3 war axe of freezing
Missiles
 M - 5 javelins (quivered)
Armour
 k - a +1 buckler of cold resistance (worn)
 n - a +0 cloak (worn)
 p - a +0 helmet (worn)
 J - a +10 plate armour of ponderousness (worn)
Jewellery
 f - a ring of protection from magic (left hand)
 h - an uncursed ring of protection from cold
 j - a +4 ring of protection (right hand)
 x - an uncursed ring of see invisible
 z - an uncursed ring of resist corrosion
 A - an uncursed ring of protection from cold
 F - an uncursed ring of protection from magic
Wands
 m - a wand of enslavement (24)
 t - a wand of paralysis (15)
 w - a wand of iceblast (39)
 y - a wand of polymorph (17)
 G - a wand of disintegration (19)
 K - a wand of random effects (26)
Scrolls
 b - a scroll of blinking
 l - 3 scrolls of magic mapping
 q - 4 scrolls of remove curse
 s - 3 scrolls of teleportation
 B - a scroll of identify
Potions
 d - 9 potions of curing
 g - 4 potions of flight
 o - 2 potions of agility
 u - a potion of berserk rage {unknown}
 v - 5 potions of heal wounds
 C - 4 potions of brilliance
 D - 3 potions of cancellation
 E - 3 potions of ambrosia {unknown}
 H - 3 potions of haste {unknown}
 I - a potion of mutation {unknown}
 L - a potion of might {unknown}
Miscellaneous
 r - a box of beasts
Comestibles
 c - 27 rations


   Skills:
 + Level 9.4 Fighting
   Level 5.0(8.0) Short Blades
 + Level 9.7(10.2) Long Blades
 + Level 6.8 Axes
 + Level 2.3 Throwing
 * Level 12.3 Armour
 * Level 8.7 Dodging
 + Level 4.9 Shields
 * Level 12.6 Invocations
 + Level 2.5 Evocations


You had 14 spell levels left.
You didn't know any spells.
Your spell library contained the following spells:

 Spells                   Type           Power        Failure   Level  Hunger
 Beastly Appendage        Tmut           #.....       96%         1    ##.....
 Confusing Touch          Hex            #.....       96%         1    ##.....
 Sticks to Snakes         Tmut           #.......     99%         2    ###....
 Confuse                  Hex            #.......     100%        3    ####...
 Gell's Gravitas          Tloc           #.........   100%        3    ####...
 Inner Flame              Hex/Fire       #.......     100%        3    ####...
 Spider Form              Tmut/Pois      #.........   100%        3    ####...
 Tukima's Dance           Hex            #.......     100%        3    ####...
 Ice Form                 Ice/Tmut       #.......     100%        4    #####..
 Petrify                  Tmut/Erth      #.......     100%        4    #####..
 Blade Hands              Tmut           #.........   100%        5    ######.
 Metabolic Englaciation   Hex/Ice        #.........   100%        5    ######.
 Yara's Violent Unravell  Hex/Tmut       #.........   100%        5    ######.
 Malign Gateway           Summ/Tloc      #.........   100%        7    #######
 Summon Hydra             Summ           #.........   100%        7    #######


Dungeon Overview and Level Annotations

Branches:
Dungeon (15/15)            Temple (0/1) D:5            Lair (6/6) D:9
  Swamp (2/4) Lair:3        Snake (0/4) Lair:4        Slime (0/5) Lair:5
    Orc (0/2) D:9          Vaults (0/5) D:13         Depths (0/5) D:15

Altars:
Gozag
Makhleb
Okawaru
Uskayaw
Vehumet
Wu Jian
Xom
Yredelemnul
Zin
The Shining One

Shops:
D:4 [   D:10 *   D:14 *

Annotations:
D:8 Gastronok
D:12 1 runed translucent door
D:15 exclusion: Roxanne, Roxanne
Abyss:1 Harold, Maurice


Innate Abilities, Weirdness & Mutations

You have hooves in place of feet.
Armour fits poorly on your strangely shaped body.
You cover ground very quickly.
You have extremely tough skin. (AC +3)


Message History

The shambling mangrove is lightly damaged.
You hit the shambling mangrove but do no damage.
You kick the shambling mangrove, but do no damage.
The shambling mangrove is lightly damaged.
The shambling mangrove hits you. The grasping roots constrict you.
You slash the shambling mangrove!
You kick the shambling mangrove, but do no damage.
The shambling mangrove is lightly damaged.
The shambling mangrove hits you!!
* * * LOW HITPOINT WARNING * * *
The grasping roots constrict you.
You hit the shambling mangrove but do no damage.
You kick the shambling mangrove.
The shambling mangrove is moderately damaged.
You hit the shambling mangrove but do no damage.
You kick the shambling mangrove.
The shambling mangrove is moderately damaged.
The shambling mangrove hits you!
* * * LOW HITPOINT WARNING * * *
You die...

≈≈≈...♣♣ ♣♣≈♣..≈♣♣♣♣♣ ♣♣♣♣♣ ♣
≈≈≈≈≈..♣♣♣≈..≈≈...♣≈♣♣♣ ♣♣≈.≈♣♣♣
≈≈≈≈≈..≈♣♣..≈≈≈≈..≈..≈♣ ♣♣≈≈≈....
..≈≈≈§≈≈.♣..≈≈≈≈≈..≈≈.♣♣♣.≈≈≈....
..≈≈.[≈≈≈..≈≈≈.≈≈§≈≈≈.♣♣≈≈≈≈.≈♣.≈
......§≈≈≈≈≈≈..≈≈≈...§≈≈)≈≈≈.≈..≈
..≈≈≈≈≈≈≈≈≈......≈≈............≈≈
.≈≈≈≈≈...≈≈.....†≈≈≈..........≈≈≈
.≈≈≈≈≈..≈≈≈≈≈≈..@f≈≈≈..≈≈≈.≈≈≈≈≈≈
.≈≈≈≈≈....≈≈≈≈§≈....≈≈.≈≈≈≈≈≈≈≈≈≈
..........≈≈≈........≈≈≈≈≈≈...≈≈≈
....≈.≈≈≈..≈♣♣....≈≈≈≈≈≈≈≈≈.♣♣.≈≈
.≈...≈≈≈≈≈.♣♣♣.≈≈≈≈≈≈≈≈≈≈≈≈.♣♣♣≈♣
...♣≈≈≈≈≈.♣♣ ♣.≈≈≈.....≈≈≈≈.♣ ♣♣.
♣♣♣♣♣♣...♣♣ ♣≈≈≈..§≈♣≈.....♣ ♣.
♣♣..♣♣♣ ♣≈).....♣♣≈.♣≈≈♣ ♣♣.
♣.≈≈..♣♣ ♣♣.≈≈≈....≈♣♣♣♣♣ ♣≈≈


You could see a shambling mangrove.

Vanquished Creatures
  An ettin (D:14)
  2 vault guards (D:13)
  3 ogre magi
  A shambling mangrove (Swamp:1)
  4 centaur warriors
  4 catoblepae
  A merfolk avatar (Lair:6)
  8 two-headed ogres
  4 alligators (Swamp:1)
  3 tengu warriors
  3 skeletal warriors (D:15)
  A hell knight (D:14)
  2 unseen horrors
  2 wizards (D:13)
  2 sea snakes
  A swamp dragon (Swamp:1)
  A necromancer (D:13)
  A wolf spider zombie (D:14)
  Pikel (D:5)
  A deep elf mage (D:14)
  8 ugly things
  A manticore (Lair:6)
  2 cyclopes (D:13)
  A centaur zombie (D:11)
  8 elephants
  2 black mambas (Lair:3)
  9 spiny frogs
  3 torpor snails
  A gargoyle (D:14)
  An orange demon (Abyss:2)
  15 komodo dragons
  A komodo dragon (shapeshifter) (D:14)
  A kobold demonologist (D:12)
  5 yaktaurs (D:14)
  An efreet (D:13)
  4 polar bears
  6 trolls
  2 tengu conjurers
  3 tyrant leeches
  5 hornets
  8 slime creatures
  6 blink frogs (Lair:4)
  4 dream sheep (Lair:5)
  8 hippogriffs
  2 water elementals
  A vampire (D:11)
  2 spriggans (Swamp:1)
  3 wyverns
  43 yaks
  A spriggan (shapeshifter) (D:13)
  A wraith (D:13)
  8 vampire mosquitoes
  20 humans
  3 steam dragons
  5 basilisks
  2 hogs (D:12)
  2 hungry ghosts
  3 wargs (D:9)
  Menkaure (D:6)
  An acid dragon (D:13)
  2 nagas (Lair:4)
  11 water moccasins
  6 swamp worms
  6 orc warriors
  6 porcupines
  3 swamp drakes (Swamp:1)
  A black bear (D:12)
  3 ice beasts
  2 phantoms
  6 sky beasts
  6 ogres
  A necrophage (D:8)
  15 wolves
  7 centaurs
  17 crocodiles
  2 big kobolds
  25 bullfrogs
  An earth elemental (D:14)
  4 scorpions
  A wyvern skeleton (D:13)
  19 killer bees
  14 wights
  2 electric eels (D:15)
  9 crimson imps
  2 bullfrog zombies
  A quasit (D:10)
  9 orc priests
  7 hounds
  4 centaur skeletons
  3 bullfrog skeletons
  5 jellies
  14 orc wizards
  Natasha (twice) (D:2)
  13 iguanas
  15 worker ants
  A killer bee zombie (D:10)
  2 worker ant zombies
  9 gnolls
  A howler monkey skeleton (D:9)
  12 adders
  6 shadow imps
  2 adder zombies
  5 worms
  5 dart slugs
  4 leopard geckos
  65 orcs
  8 bats
  7 giant cockroaches
  13 goblins
  7 hobgoblins
  20 jackals
  4 quokkas
  2 frilled lizards
  18 kobolds
  9 rats
693 creatures vanquished.

Vanquished Creatures (others)
  8 hydras
  2 two-headed ogres (D:8)
  An alligator (Swamp:1)
  3 oklob plants (Lair:3)
  A komodo dragon (Lair:1)
  A spiny frog (Lair:6)
  A tyrant leech (Lair:3)
  A polar bear (Lair:6)
  A vampire (D:13)
  A steam dragon (Lair:1)
  A porcupine (Lair:1)
  2 orc warriors
  An ice beast (D:8)
  A slave (D:5)
  An ogre (D:5)
  3 wolves (Lair:1)
  A crocodile (Lair:1)
  A scorpion (D:5)
  2 killer bees (D:9)
  A crimson imp (D:15)
  An orc wizard (D:6)
  An adder (D:4)
  3 orcs
  2 bushes (Lair:2)
  30 fungi
  A lurking horror (Abyss:1)
  30 plants
102 creatures vanquished.

Grand Total: 795 creatures vanquished

Notes
Turn   | Place    | Note
-------+----------+-------------------------------------------
     0 | Abyss:1  | Gargoyl the Centaur Abyssal Knight began the quest for the
                  | Orb.
     0 | Abyss:1  | Reached XP level 1. HP: 19/19 MP: 2/2
    13 | Abyss:1  | Found a stormy altar of Qazlal.
    21 | Abyss:2  | Noticed a demonic crawler
    37 | D:1      | Escaped the Abyss
   435 | D:1      | Reached XP level 2. HP: 23/26 MP: 3/3
  1079 | D:2      | Reached * piety under Lugonu
  1097 | D:2      | Reached skill level 1 in Dodging
  1118 | D:2      | Found a faded altar of an unknown god.
  1171 | D:2      | Reached XP level 3. HP: 31/31 MP: 4/4
  1316 | D:2      | Noticed Natasha
  1325 | D:2      | Killed Natasha
  1503 | D:2      | Noticed Natasha
  1513 | D:2      | Killed Natasha
  1513 | D:2      | Reached XP level 4. HP: 30/38 MP: 4/6
  2251 | D:3      | You fall into a shaft and drop 2 floors!
  2251 | D:5      | Entered Level 5 of the Dungeon
  2326 | D:5      | Reached XP level 5. HP: 32/45 MP: 7/7
  2468 | D:5      | Found a radiant altar of Vehumet.
  2505 | D:5      | Noticed Pikel
  2505 | D:5      | Noticed a slave
  2505 | D:5      | Noticed a slave
  2505 | D:5      | Noticed a slave
  2505 | D:5      | Noticed a slave
  2529 | D:4      | Noticed an ogre
  2542 | D:4      | Killed an ogre
  2634 | D:4      | Reached XP level 6. HP: 29/51 MP: 8/8
  3435 | D:3      | Found an ornate altar of the Wu Jian Council.
  3528 | D:3      | Reached ** piety under Lugonu
  3949 | D:4      | Found a basalt altar of Yredelemnul.
  3993 | D:4      | Found Gyjumu Yghi's Armour Boutique.
  4007 | D:4      | Bought a +0 buckler of cold resistance for 138 gold pieces
  4012 | D:4      | Bought a +0 cloak for 54 gold pieces
  4431 | D:4      | Reached XP level 7. HP: 52/58 MP: 9/9
  4588 | D:4      | Got a translucent dagger
  4589 | D:4      | Identified the +5 dagger "Buhewas" {distort, Int+2 Stlth+}
                  | (You found it on level 4 of the Dungeon)
  5125 | D:5      | Found a staircase to the Ecumenical Temple.
  5164 | D:5      | Killed Pikel
  5164 | D:5      | Reached skill level 1 in Short Blades
  5164 | D:5      | Reached XP level 8. HP: 60/66 MP: 9/11
  5456 | D:5      | Found a glowing silver altar of Zin.
  5842 | D:5      | Reached *** piety under Lugonu
  6915 | D:6      | Reached skill level 5 in Axes
  6915 | D:6      | Reached skill level 5 in Armour
  6915 | D:6      | Reached skill level 5 in Invocations
  7261 | D:6      | Reached skill level 1 in Shields
  7849 | D:7      | Reached XP level 9. HP: 65/73 MP: 12/12
  7915 | D:7      | Reached skill level 5 in Fighting
  8591 | D:7      | Noticed Menkaure
  8766 | D:6      | Killed Menkaure
  9066 | D:7      | Found a shimmering altar of Xom.
  9671 | D:8      | Reached **** piety under Lugonu
  9938 | D:8      | Noticed a two-headed ogre
  9976 | D:8      | Banished a two-headed ogre
  9997 | D:8      | Found a flagged portal.
 10011 | Bailey   | Entered a bailey
 10275 | Bailey   | Reached XP level 10. HP: 40/81 MP: 14/14
 10818 | Bailey   | Noticed an orc knight
 10818 | Bailey   | Noticed an orc knight
 11136 | D:8      | Reached ***** piety under Lugonu
 11355 | D:8      | Noticed Maurice
 11373 | D:8      | Banished Maurice
 11396 | D:8      | Noticed a two-headed ogre
 11402 | D:8      | Banished a two-headed ogre
 11705 | D:8      | Found a hide-covered altar of Uskayaw.
 11738 | D:8      | Noticed Gastronok
 11738 | D:8      | Noticed Harold
 12678 | D:7      | Banished Harold
 13109 | D:9      | Found a staircase to the Lair.
 14209 | D:9      | Reached XP level 11. HP: 85/89 MP: 16/16
 14648 | D:9      | Found a staircase to the Orcish Mines.
 14816 | D:9      | Found a burning altar of Makhleb.
 15244 | Lair:1   | Entered Level 1 of the Lair of Beasts
 15303 | Lair:1   | Reached skill level 5 in Dodging
 16376 | Lair:1   | Reached skill level 5 in Short Blades
 16377 | Lair:1   | Reached XP level 12. HP: 97/97 MP: 16/18
 16763 | Lair:1   | Got a slimy falchion
 16764 | Lair:1   | Identified the +7 falchion of Veont {slice, rPois MP+9
                  | Str+9 Stlth-} (You found it on level 1 of the Lair of
                  | Beasts)
 17508 | Lair:2   | Reached skill level 1 in Long Blades
 20067 | Lair:3   | Noticed a six-headed hydra
 20075 | Lair:3   | Banished a six-headed hydra
 20128 | Lair:3   | Noticed a five-headed hydra
 20129 | Lair:3   | Banished a five-headed hydra
 20428 | Lair:3   | HP: 5/100 [tyrant leech (17)]
 20433 | Lair:3   | Reached XP level 13. HP: 6/105 MP: 20/20
 20801 | Lair:3   | Found a staircase to the Swamp.
 21835 | Lair:4   | Got a heavily runed sapphire amulet
 22146 | Lair:3   | Reached skill level 10 in Armour
 22433 | Lair:4   | Reached skill level 10 in Invocations
 22590 | Lair:4   | Identified the amulet "Duidiaga" {Harm *Drain Int+3} (You
                  | found it on level 4 of the Lair of Beasts)
 23370 | Lair:4   | Found a staircase to the Snake Pit.
 23914 | Lair:4   | Reached skill level 5 in Long Blades
 24518 | Lair:5   | Found a frozen archway.
 24527 | IceCv    | Entered an ice cave
 25041 | Lair:5   | Found a staircase to the Slime Pits.
 25845 | Lair:6   | Entered Level 6 of the Lair of Beasts
 27868 | Lair:6   | Noticed a dire elephant
 28015 | Lair:6   | Banished a dire elephant
 28560 | Lair:6   | Reached XP level 14. HP: 14/114 MP: 22/22
 28565 | Lair:6   | HP: 3/114 [yak (9)]
 30185 | D:10     | Entered Level 10 of the Dungeon
 30433 | D:10     | Found Tagyehall's General Store.
 30481 | D:10     | Found an iron altar of Okawaru.
 31915 | D:12     | Found a runed translucent door.
 31915 | D:12     | Found a glowing golden altar of the Shining One.
 31915 | D:12     | Noticed an angel
 33081 | D:13     | Found an opulent altar of Gozag.
 34810 | D:13     | Found a gate to the Vaults.
 34816 | D:13     | Identified the Incunabulum of Hexes and Calling
 35871 | D:13     | Reached XP level 15. HP: 119/123 MP: 23/23
 36240 | D:14     | Found Oginae's Pet Rocks.
 36691 | D:15     | Entered Level 15 of the Dungeon
 36716 | D:14     | Reached ****** piety under Lugonu
 37384 | D:15     | Identified Roxanne's Reference Book on Moulding
 37384 | D:15     | Noticed Roxanne
 39554 | D:15     | Found a staircase to the Depths.
 40199 | Swamp:1  | Entered Level 1 of the Swamp
 40916 | Swamp:1  | Got a scorched ring mail
 41128 | Swamp:1  | Identified the +5 ring mail "Cegienau" {rC+ MR+} (You found
                  | it on level 1 of the Swamp)
 43400 | Swamp:1  | Escaped the Abyss
 43959 | Swamp:1  | Paralysed by a hornet for 3 turns
 43978 | Swamp:1  | Slain by a shambling mangrove

Levels and vault maps discovered:
D:1:      minmay_arrival_glassed_features, layout_basic
D:2:      layout_basic, chequers_ecumenical_altar_island, uniq_natasha
D:3:      layout_basic, nicolae_overflow_hidden_temple
D:4:      corexii_shack_village, layout_basic, marbit_many_paths, serial_shops,
          nicolae_shop_stone
D:5:      layout_basic, vehumet_crystals, zin_academy,
          minmay_temple_entry_arrows, first_ration, uniq_pikel
D:6:      layout_cave_pools
D:7:      layout_layer_cave, basic_altar, uniq_menkaure
D:8:      layout_basic, eat_drink_and_be_merry_uskayaw,
          lightli_bailey_entry_fortress, uniq_gastronok, uniq_maurice,
          uniq_harold
D:9:      layout_basic, makhleb_grotto_becter, erik_lair_orcish_takeover,
          orc_0_dummy
D:10:     layout_loops_cross, basic_altar, serial_shops,
          nicolae_shop_statue_plus
D:11:     layout_roguey
D:12:     layout_loops_ring, grunt_livestock, lemuel_angel_altar
D:13:     layout_small_grid, grunt_vaults_entry_tiered, grunt_gozag_statues
D:14:     layout_rooms, hangedman_decor_growths, guppyfry_shop_earth
D:15:     hangedman_depths_entry_civil_slaughter, layout_rooms,
          corexii_leaking_fountain, serial_bayou, serial_bayou_pond_c,
          serial_bayou_crossing, serial_bayou_lagoon_a, serial_bayou_lagoon_b,
          uniq_roxanne
Lair:1:   layout_chaotic_city
Lair:2:   beast_lair_carwin_large_4, layout_small_grid, grunt_megastairs_5,
          lemuel_fruit_fields
Lair:3:   layout_loops_ring, palyth_hydra_swamp_entry, minivault_19,
          bh_autumn_forest_stairs, chequers_serial_rivers_room_b,
          kennysheep_catoblepas_arena, minmay_lair_oklob_chamber,
          lemuel_fruit_tree, lemuel_fruit_fields
Lair:4:   layout_cave_pods, guppyfry_snake_entry_island, serial_bayou_shore_a
Lair:5:   layout_cave_pods, minmay_slime_entry_pillars,
          portal_ice_cave_entry_pillars_1
Lair:6:   gammafunk_lair_ancient_temple, layout_regular_city
Swamp:1:  layout_basic_swamp, hangedman_swamp_ruin_hall, swamp_pool3,
          ldierk_geyser
Swamp:2:  layout_basic_swamp, nicolae_swamp_trees_clearing,
          infiniplex_staircase_pool

Skill      XL: |  1  2  3  4  5  6  7  8  9 10 11 12 13 14 15 |
---------------+----------------------------------------------+-----
Axes           | 2 3 4 5 6 |  6.8
Dodging        | 1 2 3 4 5 6 7 8 |  8.7
Armour         | 2 3 4 5 6 7 8 9 10 11 12 | 12.3
Invocations    | 3 4 5 6 7 8 9 10 11 12 | 12.6
Fighting       | 4 5 6 7 8 9 |  9.4
Short Blades   | 1 3 4 5 |  5.0
Shields        | 1 2 3 4 |  4.9
Throwing       | 2 |  2.3
Evocations     | 2 |  2.5
Long Blades    | 3 6 8 9 |  9.7

Action                   |  1- 3 |  4- 6 |  7- 9 | 10-12 | 13-15 || total
-------------------------+-------+-------+-------+-------+-------++-------
Melee: Hand axe          |    94 |   173 |   154 |   130 |       ||   551
       Kick              |    12 |    43 |    89 |   242 |   826 ||  1212
       Dagger            |       |       |   214 |   346 |       ||   560
       Falchion          |       |       |       |   285 |  1798 ||  2083
       Scimitar          |       |       |       |       |     4 ||     4
Invok: Depart the Abyss  |     1 |       |       |       |     1 ||     2
       Banish            |       |       |       |     5 |    25 ||    30
       Bend Space        |       |       |       |       |     6 ||     6
       Enter the Abyss   |       |       |       |       |     1 ||     1
Evoke: Wand              |       |     8 |       |     4 |    10 ||    22
  Use: Scroll            |     3 |     6 |     5 |     5 |    24 ||    43
       Potion            |       |     3 |     2 |     1 |     8 ||    14
  Eat: Chunk             |     1 |     8 |    10 |    12 |    30 ||    61
       Ration            |       |       |     2 |     6 |    15 ||    23
Armor: Chain mail        |    95 |   150 |   223 |       |       ||   468
       Leather armour    |     2 |       |       |       |       ||     2
       Plate armour      |       |       |    71 |   469 |  1394 ||  1934
Dodge: Dodged            |    27 |    40 |    71 |   181 |   737 ||  1056
Block: Buckler           |       |     3 |    66 |   154 |   414 ||   637
       Rpst.: Falchion   |       |       |       |    23 |   186 ||   209

Table legend:
 A = Non-vault XP
 B = Vault XP
 C = Vault XP percentage of total XP
 D = Non-vault monster count
 E = Vault monster count
 F = Vault count percentage of total count
                 A         B        C        D         E       F
            +---------+---------+-------+---------+---------+-------
      Total |   93633 |   36997 |  28.3 |     567 |     170 |  23.1
            +---------+---------+-------+---------+---------+-------
        D:1 |      23 |       0 |   0.0 |      12 |       0 |   0.0
        D:2 |     127 |      36 |  22.1 |      22 |       1 |   4.3
        D:3 |     153 |       0 |   0.0 |      25 |       0 |   0.0
        D:4 |     462 |      13 |   2.7 |      15 |       7 |  31.8
        D:5 |     445 |     607 |  57.7 |      14 |       1 |   6.7
        D:6 |     779 |     165 |  17.5 |      23 |       1 |   4.2
        D:7 |    1393 |     530 |  27.6 |      28 |       1 |   3.4
        D:8 |    2895 |     324 |  10.1 |      38 |      13 |  25.5
        D:9 |    2508 |     702 |  21.9 |      34 |      10 |  22.7
       D:10 |    2306 |       0 |   0.0 |      20 |       0 |   0.0
       D:11 |    3556 |       0 |   0.0 |      32 |       0 |   0.0
       D:12 |    6374 |     986 |  13.4 |      37 |       5 |  11.9
       D:13 |    9263 |    8000 |  46.3 |      42 |      25 |  37.3
       D:14 |   12272 |    4588 |  27.2 |      43 |       8 |  15.7
       D:15 |   10377 |    1910 |  15.5 |      26 |       2 |   7.1
     Lair:1 |    2803 |       0 |   0.0 |      15 |       0 |   0.0
     Lair:2 |    4979 |    3293 |  39.8 |      31 |      20 |  39.2
     Lair:3 |    3972 |    4728 |  54.3 |      19 |      17 |  47.2
     Lair:4 |    7864 |     322 |   3.9 |      26 |       2 |   7.1
     Lair:5 |    4828 |    2818 |  36.9 |      20 |      10 |  33.3
     Lair:6 |    4438 |    7403 |  62.5 |      17 |      19 |  52.8
    Swamp:1 |   10439 |       0 |   0.0 |      25 |       0 |   0.0
    Swamp:2 |     978 |       0 |   0.0 |       2 |       0 |   0.0
    Abyss:2 |     399 |       0 |   0.0 |       1 |       0 |   0.0
     Bailey |       0 |     572 | 100.0 |       0 |      28 | 100.0
            +---------+---------+-------+---------+---------+-------
